 Dungeon Sprint DCSS version 0.29-a0-468-ge57f7f99b4 (webtiles) character file.

Game seed: 12681513714694448295

5247 mhtbhm the Bludgeoner (level 10, -8/76 HPs)
             Began as a Gargoyle Berserker on May 21, 2022.
             Was a High Priest of Trog.
             Splashed by a jelly's acid (11 damage)
             ... in the Dungeon (Sprint I: "Red Sonja").
             The game lasted 00:03:22 (2216 turns).

mhtbhm the Bludgeoner (Gargoyle Berserker)          Turns: 2216, Time: 00:03:22

Health: -8/76      AC: -12   Str: 24    XL:     10   Next: 62%
Magic:  10/10      EV: 12    Int:  9    God:    Trog [*****.]
Gold:   605        SH:  5    Dex:  9    Spells: 9/9 levels left

rFire   . . .      SeeInvis .   a - +0 mace
rCold   . . .      Faith    .   (no shield)
rNeg    + . .      Spirit   .   b - +0 scale mail
rPois   ∞          Reflect  +   (no helmet)
rElec   +          Harm     .   j - +2 cloak
rCorr   .          Rampage  .   (no gloves)
Will    .....      NoTele   +   (no boots)
Stlth   ..........              p - amulet of reflection
HPRegen 0.22/turn               (no ring)
MPRegen 0.12/turn               (no ring)

@: corroded, on berserk cooldown, slowed, very slow
A: sickness immunity, AC +7, negative energy resistance 1, electricity
resistance, torment resistance 1, petrification resistance
a: Renounce Religion, Berserk, Trog's Hand, Brothers in Arms


You were in the Dungeon.
You worshipped Trog.
Trog was extremely pleased with you.
You visited 1 branch You collected 1100 gold pieces.
You spent 495 gold pieces at shops.

Inventory:

Hand Weapons
 a - a +0 mace (weapon)
Missiles
 m - 3 curare-tipped darts (quivered)
Armour
 b - a +0 scale mail (worn)
 j - a +2 cloak (worn)
Jewellery
 p - an amulet of reflection (around neck)
Wands
 i - a wand of acid (1)
 k - a wand of polymorph (9)
Scrolls
 h - a scroll of fear {unknown}
 n - a scroll of identify {unknown}
 o - a scroll of silence {unknown}
 q - a scroll of poison {unknown}
Potions
 c - 3 potions of curing
 d - 2 potions of heal wounds
 e - a potion of haste
 f - 2 potions of magic
 g - a potion of berserk rage
 l - a potion of flight {unknown}


   Skills:
 + Level 14.8 Fighting
 + Level 15.6 Maces & Flails
 + Level 2.0 Throwing
 + Level 10.9 Armour
 + Level 7.1 Dodging
 + Level 1.3 Stealth
 + Level 3.1 Shields
 + Level 4.5 Evocations


You had 9 spell levels left.
You didn't know any spells.
Your spell library was empty.

Dungeon Overview and Level Annotations

Branches:
Dungeon (1/1)

Altars:
Cheibriados
Dithmenos
Elyvilon
Fedhas
Gozag
Hepliaklqana
Kikubaaqudgha
Makhleb
Nemelex Xobeh
Okawaru
Qazlal
Ru
Sif Muna
Trog
Uskayaw
Vehumet
Wu Jian
Xom
Yredelemnul
Zin
The Shining One
Jiyva
Lugonu

Shops:
D =[[


Innate Abilities, Weirdness & Mutations

You are immune to sickness and miasma.
Your stone body is resilient. (AC +7)
You are immune to poison.
You resist negative energy. (rN+)
You are resistant to electric shocks. (rElec)
You are resistant to unholy torment.
You are immune to petrification.


Message History

You are too injured to fight recklessly!
You are too injured to fight recklessly!
You are too injured to fight recklessly!
You are too injured to fight recklessly!
You hit the jelly but do no damage.
Your hands burn!
The jelly is moderately wounded.
You hit the jelly but do no damage.
Your hands burn!
The jelly is moderately wounded.
The jelly hits you. The acid corrodes you!
You are splashed with acid!
* * * LOW HITPOINT WARNING * * *
You hit the jelly.
Your hands burn!
* * * LOW HITPOINT WARNING * * *
The jelly is moderately wounded.
You hit the jelly.
Your hands burn!
* * * LOW HITPOINT WARNING * * *
The jelly is heavily wounded.
You block the jelly's attack.
You hit the jelly but do no damage.
Your hands burn!
* * * LOW HITPOINT WARNING * * *
The jelly is heavily wounded.
You hit the jelly but do no damage. The acid corrodes you!
Your hands burn!
* * * LOW HITPOINT WARNING * * *
The jelly is heavily wounded.
The jelly hits you.
* * * LOW HITPOINT WARNING * * *
You are splashed with acid!
* * * LOW HITPOINT WARNING * * *
There is an open door here.
You feel a strong urge to attack something.
You are no longer berserk.
You are exhausted.
You feel yourself slow down.
Okay, then.
Unknown command.
Okay, then.
Your iron troll goes berserk!
The jelly hits you.
* * * LOW HITPOINT WARNING * * *
The acid corrodes you!
You are splashed with acid!
You die...

#..##.#≈≈§§)#§§#
##'#_.+§§§§.§.§#
.'..._#≈≈§.§#§.#
##_.#'##'#####§###
###'#.#.[(§###.'.#
###.####'###.###.#
.'...'.....'.∩##§#
##...###########T#
###.###.....§.##@#
#.#'#.#.......)J§#
#.....#'''######§#
#.(...#.....§§§#§#
#######n.J.. #'§#
?......§ ####
$......§§§
.......≈≈§##
##..≈≈≈≈###


You could see a jelly (ally target) and a friendly iron troll (summoned,
berserk).

Vanquished Creatures
  2 centaur warriors (D)
  Sonja (D)
  A deep troll (D)
  An oklob plant (D)
  2 unseen horrors (D)
  2 kobold demonologists (D)
  A hornet (D)
  A slime creature (D)
  Sigmund (D)
  A yak (D)
  2 redbacks (D)
  2 floating eyes (D)
  An ogre (D)
  2 necrophages (D)
  7 jellies (D)
  Ijyb (D)
28 creatures vanquished.

Vanquished Creatures (others)
  2 ballistomycete spores (D)
2 creatures vanquished.

Grand Total: 30 creatures vanquished

Notes
Turn   | Place    | Note
-------+----------+-------------------------------------------
     0 | D        | mhtbhm the Gargoyle Berserker began the quest for the Orb.
     0 | D        | Reached XP level 1. HP: 14/14 MP: 1/1
     1 | D        | Noticed Ijyb
     9 | D        | Killed Ijyb
    10 | D        | Reached skill level 5 in Fighting
    10 | D        | Reached skill level 4 in Maces & Flails
    10 | D        | Reached XP level 2. HP: 17/21 MP: 2/2
    10 | D        | Reached XP level 3. HP: 21/26 MP: 3/3
   145 | D        | Noticed an ogre
   149 | D        | Killed an ogre
   150 | D        | Reached skill level 6 in Maces & Flails
   150 | D        | Reached XP level 4. HP: 34/34 MP: 4/4
   270 | D        | Noticed Sigmund
   277 | D        | Killed Sigmund
   277 | D        | Reached ** piety under Trog
   278 | D        | Reached skill level 8 in Maces & Flails
   278 | D        | Reached XP level 5. HP: 40/40 MP: 5/5
   278 | D        | Reached XP level 6. HP: 45/45 MP: 6/6
   336 | D        | Found an ornate altar of the Wu Jian Council.
   336 | D        | Found a shimmering blue altar of Sif Muna.
   338 | D        | Found a radiant altar of Vehumet.
   474 | D        | Found Syuhiykh's Armour Emporium.
   474 | D        | Found an ancient bone altar of Kikubaaqudgha.
   474 | D        | Found a hazy altar of Hepliaklqana.
   474 | D        | Found a stormy altar of Qazlal.
   474 | D        | Found a hide-covered altar of Uskayaw.
   474 | D        | Found a blossoming altar of Fedhas.
   474 | D        | Found a bloodstained altar of Trog.
   474 | D        | Found an iron altar of Okawaru.
   474 | D        | Found a basalt altar of Yredelemnul.
   474 | D        | Found a glowing golden altar of the Shining One.
   474 | D        | Found a snail-covered altar of Cheibriados.
   474 | D        | Found a sacrificial altar of Ru.
   474 | D        | Found a glowing silver altar of Zin.
   474 | D        | Found a shadowy altar of Dithmenos.
   474 | D        | Found a white marble altar of Elyvilon.
   474 | D        | Noticed a yak
   490 | D        | Killed a yak
   491 | D        | Reached skill level 10 in Fighting
   491 | D        | Reached skill level 9 in Maces & Flails
   491 | D        | Reached skill level 5 in Armour
   491 | D        | Reached XP level 7. HP: 23/52 MP: 7/7
   491 | D        | Found an opulent altar of Gozag.
   492 | D        | Found a sparkling altar of Nemelex Xobeh.
   650 | D        | Bought a +2 cloak for 165 gold pieces
   701 | D        | Found a burning altar of Makhleb.
   701 | D        | Found a viscous altar of Jiyva.
   701 | D        | Found a shimmering altar of Xom.
   701 | D        | Found a corrupted altar of Lugonu.
   701 | D        | Noticed a slime creature
   711 | D        | Killed a slime creature
   712 | D        | Reached skill level 10 in Maces & Flails
   891 | D        | Noticed a kobold demonologist
   891 | D        | Noticed a kobold demonologist
   892 | D        | Paralysed by a floating eye for 3 turns
   896 | D        | Reached skill level 11 in Maces & Flails
   903 | D        | Killed a kobold demonologist
   903 | D        | Reached *** piety under Trog
   904 | D        | Reached skill level 5 in Dodging
   904 | D        | Reached XP level 8. HP: 60/60 MP: 8/8
   908 | D        | Noticed a smoke demon
   911 | D        | Killed a kobold demonologist
   912 | D        | Reached skill level 12 in Maces & Flails
   973 | D        | Noticed Sonja
   986 | D        | Found Afedink's Jewellery Boutique.
   999 | D        | Killed Sonja
   999 | D        | Reached **** piety under Trog
  1000 | D        | Reached skill level 13 in Maces & Flails
  1000 | D        | Reached skill level 1 in Evocations
  1000 | D        | Reached XP level 9. HP: 68/68 MP: 9/9
  1175 | D        | Noticed a deep troll
  1187 | D        | Killed a deep troll
  1198 | D        | Found Jyve's Armour Emporium.
  1426 | D        | Bought an amulet of reflection for 330 gold pieces
  1469 | D        | Noticed a centaur warrior
  1470 | D        | Noticed a centaur warrior
  1482 | D        | Killed a centaur warrior
  1483 | D        | Reached skill level 14 in Maces & Flails
  1483 | D        | Reached skill level 1 in Throwing
  1487 | D        | Killed a centaur warrior
  1488 | D        | Reached skill level 1 in Shields
  1488 | D        | Reached XP level 10. HP: 75/75 MP: 10/10
  1611 | D        | Reached skill level 15 in Maces & Flails
  1796 | D        | Noticed an oklob plant
  1805 | D        | Killed an oklob plant
  1806 | D        | Reached skill level 10 in Armour
  1957 | D        | Reached ***** piety under Trog
  1966 | D        | Reached skill level 1 in Stealth
  2020 | D        | Killed an unseen horror
  2038 | D        | Killed an unseen horror
  2144 | D        | Paralysed by a floating eye for 4 turns
  2201 | D        | Reached ****** piety under Trog
  2201 | D        | Received a gift from Trog
  2216 | D        | HP: 3/76 [jelly (2)]
  2216 | D        | Splashed by a jelly's acid

Illustrated notes

Levels and vault maps discovered:
D:        dungeon_sprint_1 [red_sonja_temple_1, red_sonja_temple_small_1]

Skill      XL: |  1  2  3  4  5  6  7  8  9 10 |
---------------+-------------------------------+-----
Fighting       | 5 7 8 10 11 13 14 | 14.8
Maces & Flails | 4 6 8 9 11 13 14 15 | 15.6
Dodging        | 2 3 4 5 6 7 |  7.1
Armour         | 3 4 5 6 7 9 10 | 10.9
Evocations     | 1 3 4 |  4.5
Throwing       | 1 2 |  2.0
Shields        | 1 3 |  3.1
Stealth        | 1 |  1.3

Action                   |  1- 3 |  4- 6 |  7- 9 | 10-12 || total
-------------------------+-------+-------+-------+-------++-------
Melee: Mace              |     9 |    22 |    48 |    98 ||   177
       Punch             |       |       |     2 |       ||     2
Throw: Dart              |       |       |     3 |       ||     3
Invok: Berserk           |     2 |     2 |     4 |     3 ||    11
       Brothers in Arms  |       |       |       |     1 ||     1
Evoke: Wand              |       |       |     9 |       ||     9
  Use: Scroll            |       |       |     1 |       ||     1
Armor: Animal skin       |     1 |       |       |       ||     1
       Scale mail        |       |     9 |    34 |    47 ||    90
Dodge: Dodged            |     3 |     5 |    21 |    20 ||    49
Block: Other             |       |       |     8 |    12 ||    20

Table legend: (Time is in decaauts)
 A = Elapsed time spent in this place.
 B = Non-inter-level travel time spent in this place.
 C = Inter-level travel time spent in this place.
 D = Time resting spent in this place.
 E = Time spent auto-exploring this place.
 F = Levels seen in this place.
 G = Mean time per level.
                   A        B        C        D        E       F      G
               +--------+--------+--------+--------+--------+-----+--------+
         Total |   2268 |   2268 |      0 |   1718 |      1 |   1 | 2268.0 |
       Dungeon |   2268 |   2268 |      0 |   1718 |      1 |   1 | 2268.0 |
               +--------+--------+--------+--------+--------+-----+--------+

Top non-repeatable levels by time:
       D: 2268 daAuts
